Map: Fields of Death

Players

JohnMcClane - Winner!

  • Race: Protoss Protoss
  • League: Gold

Hindulaatti - Winner!

  • Race: Terran Terran

roflolpimp

  • Race: Protoss Protoss

CSYBS

  • Race: Terran Terran

VOD

Have the link to the VOD?

Description

Time

  • Played on: Feb. 3, 2016, 8:51 a.m.
  • Length: 6:37
Show
View Real Time Build Order
Export as new Build Order

JohnMcClane Protoss - Winner!

Build Orders: Nexus First 

Get SALT Encoding   

  12  0:01  Probe (Chrono Boost)  
  13  0:12  Probe (Chrono Boost)  
  14  0:22  Pylon  
  14  0:24  Probe (Chrono Boost)  
  15  0:40  Probe (Chrono Boost)  
  16  0:51  Probe (Chrono Boost)  
  17  1:01  Probe (Chrono Boost)  
  18  1:05  Nexus  
  18  1:15  Gateway  
  18  1:16  Probe (Chrono Boost)  
  19  1:25  Assimilator  
  19  1:29  Probe (Chrono Boost)  
  20  1:33  Assimilator  
  20  1:39  Pylon  
  20  1:44  Probe (Chrono Boost)  
  21  1:56  Probe (Chrono Boost)  
  22  2:05  Cybernetics Core  
  22  2:07  Probe (Chrono Boost)  
  23  2:17  Probe (Chrono Boost)  
  23  2:19  Probe (Chrono Boost)  
  25  2:28  Probe (Chrono Boost)  
  25  2:29  Probe (Chrono Boost)  
  27  2:38  Probe (Chrono Boost)  
  27  2:40  Probe (Chrono Boost)  
  27  2:43  Warp Gate  
  29  2:49  Mothership Core (Chrono Boost)  
  31  2:56  Probe (Chrono Boost)  
  32  2:58  Twilight Council  
  32  3:03  Pylon  
  32  3:06  Assimilator, Probe (Chrono Boost)  
  32  3:07  Probe (Chrono Boost)  
  32  3:08  Pylon  
  34  3:24  Pylon  
  34  3:26  Probe (Chrono Boost)  
  35  3:36  Charge (Chrono Boost)  
  35  3:49  Gateway x2  
  35  3:52  Gateway x2  
  35  3:56  Gateway  
  35  4:02  Pylon  
  35  4:10  Gateway  
  35  4:13  Pylon  
  35  4:19  Pylon  
  35  4:26  Pylon  
  35  4:32  Gateway  
  35  4:48  Sentry x2  
  35  4:49  Zealot x3  
  45  5:03  Sentry  
  47  5:08  Zealot x2  
  49  5:23  Stalker  
  49  5:24  Pylon, Stalker x2  
  55  5:42  Stalker x4  
  63  5:54  Zealot x2  
  53  6:20  Stalker x3, Zealot  
  53  6:21  Zealot x2  
Show
View Real Time Build Order
Export as new Build Order

Hindulaatti Terran - Winner!

Build Orders: Command Center First (CC) 

Get SALT Encoding   

  12  0:01  SCV  
  13  0:13  SCV  
  14  0:25  SCV  
  15  0:36  Supply Depot  
  15  0:58  SCV  
  15  0:59  Command Center  
  16  1:07  Barracks  
  16  1:11  SCV  
  16  1:18  Refinery  
  17  1:25  SCV  
  18  1:37  SCV  
  19  1:49  SCV  
  20  2:08  Orbital Command, Marine  
  20  2:10  Barracks  
  20  2:20  Supply Depot  
  20  2:26  Barracks  
  20  2:28  Marine  
  21  2:30  Orbital Command  
  21  2:33  SCV  
  22  2:43  Factory  
  22  2:46  SCV  
  22  2:49  Marine  
  24  2:57  Refinery  
  24  2:58  SCV  
  25  3:01  Barracks Reactor  
  25  3:03  SCV  
  27  3:12  SCV  
  27  3:14  Barracks Tech Lab  
  27  3:15  SCV  
  27  3:17  Marine  
  29  3:25  SCV  
  30  3:27  SCV  
  30  3:32  Refinery  
  31  3:37  SCV  
  31  3:39  SCV  
  33  3:41  Starport  
  33  3:42  Marine x2  
  33  3:43  Marine  
  33  3:44  Marine  
  37  3:50  SCV  
  37  3:51  SCV  
  37  3:53  Stimpack  
  39  4:00  Marine, Barracks Reactor  
  39  4:01  Marine  
  39  4:02  Marine  
  42  4:05  Factory Reactor  
  42  4:09  SCV x2  
  44  4:17  Supply Depot  
  44  4:20  Supply Depot  
  44  4:22  Marauder  
  44  4:23  Supply Depot  
  46  4:37  Engineering Bay  
  46  4:39  Marine x2, SCV x2  
  46  4:42  Marine, Armory  
  46  4:44  Marauder  
  53  4:47  Marine  
  53  4:50  Medivac x2  
  58  4:53  SCV  
  58  4:54  SCV  
  58  4:58  Supply Depot  
  60  5:00  Marine  
  60  5:01  Marine  
  60  5:02  Marine  
  60  5:03  Widow Mine  
  65  5:18  Missile Turret  
  65  5:20  Missile Turret  
  65  5:25  SCV x2  
  65  5:26  Marine  
  65  5:27  Marauder, Marine x3  
  73  5:40  Medivac  
  73  5:41  SCV  
  73  5:42  SCV  
  77  5:44  Marine  
  78  5:53  Supply Depot  
  78  5:56  Supply Depot  
  78  6:11  Supply Depot  
  78  6:13  Marauder, Marine x4  
Show
View Real Time Build Order
Export as new Build Order

roflolpimp Protoss 

Build Orders: Nexus First, Phoenix Opening 

Get SALT Encoding   

  12  0:01  Probe (Chrono Boost)  
  13  0:11  Probe (Chrono Boost)  
  14  0:19  Pylon  
  14  0:22  Probe (Chrono Boost)  
  15  0:37  Probe (Chrono Boost)  
  16  0:48  Probe (Chrono Boost)  
  17  1:01  Nexus  
  17  1:03  Probe (Chrono Boost)  
  18  1:13  Gateway  
  18  1:17  Probe (Chrono Boost)  
  19  1:22  Assimilator  
  19  1:27  Probe (Chrono Boost)  
  20  1:35  Assimilator  
  20  1:38  Probe (Chrono Boost)  
  21  1:49  Probe (Chrono Boost)  
  22  2:00  Probe (Chrono Boost)  
  23  2:02  Cybernetics Core  
  23  2:13  Probe (Chrono Boost)  
  24  2:19  Probe (Chrono Boost)  
  25  2:23  Probe (Chrono Boost)  
  25  2:29  Probe (Chrono Boost)  
  27  2:34  Probe (Chrono Boost)  
  27  2:35  Pylon  
  27  2:36  Assimilator  
  28  2:40  Probe (Chrono Boost)  
  28  2:41  Stargate  
  29  2:44  Probe (Chrono Boost)  
  29  2:47  Assimilator  
  30  2:55  Probe x2 (Chrono Boost)  
  32  3:06  Mothership Core (Chrono Boost), Probe (Chrono Boost)  
  35  3:17  Probe (Chrono Boost)  
  36  3:20  Protoss Air Weapons Level 1  
  36  3:24  Probe (Chrono Boost)  
  36  3:25  Phoenix  
  39  3:28  Probe (Chrono Boost)  
  40  3:35  Probe (Chrono Boost)  
  40  3:36  Stargate  
  40  3:37  Pylon  
  41  3:41  Probe (Chrono Boost)  
  42  3:49  Probe (Chrono Boost)  
  42  3:55  Phoenix  
  45  3:56  Probe (Chrono Boost)  
  45  4:01  Probe (Chrono Boost)  
  47  4:20  Phoenix (Chrono Boost)  
  47  4:21  Phoenix (Chrono Boost)  
  51  4:27  Pylon x2  
  51  4:29  Pylon  
  51  4:32  Probe  
  51  4:33  Probe  
  53  4:39  Nexus  
  53  4:45  Phoenix (Chrono Boost)  
  55  4:46  Probe  
  56  4:54  Void Ray (Chrono Boost)  
  56  4:56  Probe  
  61  5:03  Probe  
  62  5:08  Probe  
  63  5:15  Probe  
  63  5:18  Void Ray (Chrono Boost)  
  63  5:21  Pylon  
  68  5:35  Stargate  
  68  5:39  Void Ray (Chrono Boost)  
  74  6:05  Probe  
Show
View Real Time Build Order
Export as new Build Order

CSYBS Terran 

Build Orders:  

Get SALT Encoding   

  12  0:01  SCV  
  13  0:13  SCV  
  14  0:17  Supply Depot  
  14  0:25  SCV  
  15  0:39  Barracks  
  15  0:43  Refinery  
  15  0:47  SCV  
  16  0:59  SCV  
  17  1:11  SCV  
  18  1:26  Orbital Command  
  18  1:39  Command Center  
  18  1:42  Barracks Reactor  
  18  2:12  SCV  
  19  2:21  Factory  
  19  2:23  Refinery  
  19  2:24  SCV  
  19  2:27  Barracks  
  20  2:31  Marine  
  20  2:32  Barracks  
  21  2:39  Marine  
  22  2:47  SCV  
  22  2:50  Marine  
  24  2:51  Orbital Command  
  24  2:59  SCV  
  24  3:00  Marine  
  26  3:08  Starport  
  26  3:09  Factory Reactor  
  26  3:12  Marine  
  26  3:13  Marine  
  28  3:21  Engineering Bay  
  28  3:25  SCV  
  29  3:30  Engineering Bay  
  29  3:33  SCV  
  30  3:37  SCV  
  31  3:42  Barracks Tech Lab  
  31  3:43  Marine  
  31  3:45  SCV  
  33  3:49  SCV  
  33  3:52  Supply Depot  
  33  3:54  Factory Tech Lab  
  34  3:57  SCV  
  34  4:00  Terran Infantry Weapons Level 1  
  34  4:01  SCV  
  36  4:05  Stimpack  
  36  4:09  SCV  
  37  4:13  SCV  
  37  4:16  Refinery  
  38  4:21  SCV  
  38  4:22  Medivac  
  41  4:25  Marine, SCV  
  43  4:33  SCV  
  43  4:34  Refinery  
  43  4:37  Supply Depot, SCV  
  45  4:45  Marine  
  46  4:59  Marine x3, SCV x2  
  51  5:06  Marine  
  52  5:11  SCV  
  53  5:17  Marine  
  54  5:27  Supply Depot  
  54  5:28  Medivac, Marine, Siege Tank  
  60  5:29  Marine x2  
  47  5:57  Marine  
  47  5:58  Marauder, Marine x2  
  51  6:05  Siege Tank  
  51  6:06  Bunker  
  60  6:15  Marine x2  
  60  6:16  Marine  
Tags
 
Add a new tag
Caveats
  • Supply blocks, unpowered buildings, or Contaminate may cause inaccurate times.
  • Supply counts are checked every 10 seconds.